[Event "Galicia-ch 2021"]
[Site "Padron"]
[Date "2021.04.02"]
[Round "3.1"]
[White "Del Prado Rodriguez, Xulio"]
[Black "Gonzalez Perez, Arian"]
[Result "0-1"]
[ECO "E09"]
[WhiteElo "2132"]
[BlackElo "2481"]
[Annotator "ChessBase"]
[PlyCount "108"]
[EventDate "2021.04.02"]
[EventType "swiss"]
[EventCountry "ESP"]
[SourceTitle "playchess.com"]
[Source "ChessBase"]
[SourceQuality "1"]
[TimeControl "5400+30"]

1. d4 d5 2. c4 e6 3. Nf3 c6 4. Qc2 Nf6 5. g3 Bb4+ 6. Bd2 Be7 7. Bg2 O-O 8. O-O Nbd7 9. Bf4 Nh5 10. Bc1 Nhf6 11. Nbd2 b6 12. e4 Bb7 13. e5 Ne8 14. cxd5 cxd5 15. Re1 Qc7 16. Qb3 Ba6 17. Bf1 Bxf1 18. Nxf1 Rc8 19. Ne3 f6 20. Ng2 fxe5 21. Nxe5 Nxe5 22. Rxe5 Qd7 23. Nf4 Nc7 24. Re2 Bf6 25. Qd3 Rce8 26. Nh5 Bd8 27. Bd2 Qb5 28. Qxb5 Nxb5 29. Bc3 Bc7 30. Rae1 g6 31. Nf4 Bxf4 32. gxf4 Rf6 33. Kg2 Kf7 34. Kg3 Rc8 35. Re3 Nd6 36. Kg2 Rxf4 37. Rxe6 Ne4 38. R1xe4 dxe4 39. Rd6 Rc7 40. d5 Ke8 41. Re6+ Re7 42. Rc6 Rd7 43. d6 Rf5 44. Bb4 Rdf7 45. Rc2 Kd7 46. a4 a5 47. Ba3 Rg5+ 48. Kf1 e3 49. Rc7+ Ke6 50. f4 Rxf4+ 51. Ke2 Rf7 52. Rc6 Re5 53. Rxb6 Rf2+ 54. Ke1 e2 0-1

[Event "Galicia-ch 2021"]
[Site "Padron"]
[Date "2021.04.02"]
[Round "3.2"]
[White "Gonzalez Perez, Jose Ramon"]
[Black "Larino Nieto, David"]
[Result "0-1"]
[ECO "B00"]
[WhiteElo "2099"]
[BlackElo "2461"]
[Annotator "ChessBase"]
[PlyCount "64"]
[EventDate "2021.04.02"]
[EventType "swiss"]
[EventCountry "ESP"]
[SourceTitle "playchess.com"]
[Source "ChessBase"]
[SourceQuality "1"]
[TimeControl "5400+30"]

1. e4 d6 2. d4 Nd7 3. Nf3 g6 4. Bd3 Bg7 5. O-O e5 6. dxe5 dxe5 7. Nc3 Ngf6 8. Qe2 O-O 9. Rd1 c6 10. a4 a5 11. b3 Nh5 12. Ba3 Nf4 13. Qf1 Re8 14. Bc4 h6 15. Rd2 Qb6 16. Ne2 Nc5 17. Ng3 Bg4 18. Ne1 h5 19. h3 h4 20. hxg4 hxg3 21. Bxc5 Qxc5 22. Rd7 Rf8 23. Nf3 Bf6 24. Rad1 b5 25. axb5 cxb5 26. Bd5 Rad8 27. Bxf7+ Kg7 28. Bc4+ Rxd7 29. Rxd7+ Be7 30. Bxb5 Rh8 31. Rxe7+ Qxe7 32. Qc4 Qa7 0-1

[Event "Galicia-ch 2021"]
[Site "Padron"]
[Date "2021.04.02"]
[Round "3.3"]
[White "Espineira Gonzalez, Diego"]
[Black "Sixto Puente, Eloy"]
[Result "1/2-1/2"]
[ECO "C89"]
[WhiteElo "2338"]
[BlackElo "2039"]
[Annotator "ChessBase"]
[PlyCount "121"]
[EventDate "2021.04.02"]
[EventType "swiss"]
[EventCountry "ESP"]
[SourceTitle "playchess.com"]
[Source "ChessBase"]
[SourceQuality "1"]
[TimeControl "5400+30"]

1. e4 e5 2. Nf3 Nc6 3. Bb5 a6 4. Ba4 Nf6 5. O-O Be7 6. Re1 b5 7. Bb3 O-O 8. c3 d5 9. exd5 Nxd5 10. Nxe5 Nxe5 11. Rxe5 c6 12. d3 Bd6 13. Re1 Bf5 14. Qf3 Bg6 15. Bxd5 cxd5 16. Bf4 Bxf4 17. Qxf4 Bxd3 18. Qd4 Bxb1 19. Raxb1 Qd6 20. Re5 Rad8 21. Rbe1 h6 22. g3 Rd7 23. Rd1 Rfd8 24. Qe3 Qc6 25. Rd4 Rf8 26. Qd2 Rfd8 27. Re3 Qg6 28. Kg2 Qc6 29. h3 Rd6 30. Kg1 Re6 31. Rxe6 Qxe6 32. Kh2 Qe5 33. Kg2 Rd6 34. Qd3 g6 35. a4 bxa4 36. Rxa4 Rb6 37. Qd2 h5 38. Kh2 Kg7 39. Ra5 Kh7 40. h4 Rf6 41. Kg1 Qe4 42. Rxd5 Qb1+ 43. Kg2 Qe4+ 44. Kg1 Qb1+ 45. Kh2 Qf1 46. f4 Re6 47. Re5 Rd6 48. Qe2 Qc1 49. Qg2 a5 50. Re2 a4 51. Rc2 Qb1 52. Rd2 Re6 53. Re2 Rd6 54. Qe4 Qxe4 55. Rxe4 Rd2+ 56. Kg1 Rxb2 57. Rxa4 Kg7 58. Rd4 Kf6 59. Kf1 Rc2 60. c4 Kf5 61. Rd7 1/2-1/2

[Event "Galicia-ch 2021"]
[Site "Padron"]
[Date "2021.04.02"]
[Round "3.4"]
[White "Alvarez Dominguez, Breixo"]
[Black "Sanchez Aller, Fernando"]
[Result "0-1"]
[ECO "C50"]
[WhiteElo "2025"]
[BlackElo "2337"]
[Annotator "ChessBase"]
[PlyCount "48"]
[EventDate "2021.04.02"]
[EventType "swiss"]
[EventCountry "ESP"]
[SourceTitle "playchess.com"]
[Source "ChessBase"]
[SourceQuality "1"]
[TimeControl "5400+30"]

1. e4 e5 2. Nf3 Nc6 3. Bc4 Nf6 4. d3 Bc5 5. c3 a6 6. O-O Ba7 7. a4 d6 8. h3 h6 9. b4 Ne7 10. Re1 Ng6 11. d4 Nd7 12. Na3 Qf6 13. g3 Ndf8 14. Bf1 Ne6 15. Be3 Ng5 16. Nxg5 hxg5 17. g4 Be6 18. a5 Nf4 19. Bxf4 gxf4 20. dxe5 Qh4 21. Qf3 Bxg4 22. Bb5+ axb5 23. hxg4 Bxf2+ 24. Qxf2 Qh1# 0-1

[Event "Galicia-ch 2021"]
[Site "Padron"]
[Date "2021.04.02"]
[Round "3.5"]
[White "Medarde Santiago, Luis Marcos"]
[Black "Mendez Rial, Jorge"]
[Result "1-0"]
[ECO "C03"]
[WhiteElo "2325"]
[BlackElo "1729"]
[Annotator "NA"]
[PlyCount "73"]
[EventDate "2021.04.02"]
[EventType "swiss"]
[EventCountry "ESP"]
[SourceTitle "playchess.com"]
[Source "ChessBase"]
[SourceQuality "1"]
[TimeControl "5400+30"]

1. e4 e6 2. d4 d5 3. Nd2 Be7 4. Ngf3 Nf6 5. e5 Nfd7 6. Bd3 c5 7. c3 Nc6 8. O-O a5 9. a4 {[%emt 0:00:08] is currently scoring better than 9.Re1.} O-O {[%emt 0:01:18] is the legacy move (9...cxd4).} 10. Re1 cxd4 11. cxd4 f6 12. exf6 Nxf6 {[%emt 0:00:06] [#]} 13. b3 $146 ({Predecessor:} 13. Nb1 Nb4 14. Nc3 Nxd3 15. Qxd3 Bd7 16. Bg5 Ra6 17. Re2 Be8 18. Ne5 Nh5 19. Bxe7 Qxe7 {0-1 (29) Reprun,N (1989)-Mammadova,G (2369) Budva 2019}) 13... Qb6 14. Bb2 Bd7 15. Nf1 Bb4 16. Re2 Rae8 17. Rc1 Qd8 18. Ng3 Re7 19. Re3 $11 Qb6 20. Bb1 g6 21. h3 Bd6 22. Ne5 Ne8 23. Nxd7 Rxd7 24. Rxe6 Bxg3 25. fxg3 Rdf7 26. Ba3 Ng7 27. Re1 Rc8 28. Kh2 Nf5 29. Bxf5 Rxf5 30. Qe2 Rf6 31. Rf1 Qd8 32. Rxf6 Qxf6 33. Rf1 Nxd4 34. Qd3 Qb6 35. Bb2 Ne6 36. Qxd5 Qc6 37. Qe5 1-0

[Event "Galicia-ch 2021"]
[Site "Padron"]
[Date "2021.04.02"]
[Round "3.6"]
[White "Cacheiro Blanco, Diego"]
[Black "Gomez Dieguez, David"]
[Result "0-1"]
[ECO "C50"]
[WhiteElo "1769"]
[BlackElo "2298"]
[Annotator "ChessBase"]
[PlyCount "46"]
[EventDate "2021.04.02"]
[EventType "swiss"]
[EventCountry "ESP"]
[SourceTitle "playchess.com"]
[Source "ChessBase"]
[SourceQuality "1"]
[TimeControl "5400+30"]

1. e4 e5 2. Nf3 Nc6 3. Bc4 Nf6 4. d3 Bc5 5. c3 a6 6. O-O Ba7 7. a4 h6 8. Re1 d6 9. h3 g5 10. Nh2 Rg8 11. Ng4 Bxg4 12. hxg4 Qd7 13. Be3 Qxg4 14. Qb3 Na5 15. Bxf7+ Ke7 16. Qb4 Bxe3 17. Bxg8 Bb6 18. Bd5 Qh4 19. d4 Ng4 20. Nd2 Qxf2+ 21. Kh1 Qh4+ 22. Kg1 Rf8 23. Nf1 Rxf1+ 0-1

[Event "Galicia-ch 2021"]
[Site "Padron"]
[Date "2021.04.02"]
[Round "4.1"]
[White "Gonzalez Perez, Arian"]
[Black "Sanchez Aller, Fernando"]
[Result "1/2-1/2"]
[ECO "E92"]
[WhiteElo "2481"]
[BlackElo "2337"]
[Annotator "ChessBase"]
[PlyCount "76"]
[EventDate "2021.04.02"]
[EventType "swiss"]
[EventCountry "ESP"]
[SourceTitle "playchess.com"]
[Source "ChessBase"]
[SourceQuality "1"]
[TimeControl "5400+30"]

1. d4 Nf6 2. c4 g6 3. Nc3 Bg7 4. e4 d6 5. Nf3 O-O 6. Be2 e5 7. Be3 Ng4 8. Bg5 f6 9. Bh4 Nc6 10. d5 Ne7 11. Nd2 f5 12. Bxg4 fxg4 13. Bg5 Rf4 14. g3 Rf7 15. b4 Bf6 16. Bxf6 Rxf6 17. Rc1 Bd7 18. c5 Qf8 19. Qe2 Qh6 20. cxd6 cxd6 21. Nd1 Rc8 22. Rxc8+ Nxc8 23. O-O Nb6 24. Ne3 Qg5 25. Rc1 Rf7 26. Nb3 h5 27. Na5 a6 28. Rc7 Bc8 29. Qc2 Qd8 30. Rc3 Kg7 31. Nec4 Nxc4 32. Rxc4 Bd7 33. Nxb7 Qb6 34. Na5 Bb5 35. Rc3 Qd4 36. Nc6 Bxc6 37. dxc6 Rxf2 38. Qxf2 Qxc3 1/2-1/2

[Event "Galicia-ch 2021"]
[Site "Padron"]
[Date "2021.04.02"]
[Round "4.2"]
[White "Larino Nieto, David"]
[Black "Medarde Santiago, Luis Marcos"]
[Result "1-0"]
[ECO "A48"]
[WhiteElo "2461"]
[BlackElo "2325"]
[Annotator "ChessBase"]
[PlyCount "69"]
[EventDate "2021.04.02"]
[EventType "swiss"]
[EventCountry "ESP"]
[SourceTitle "playchess.com"]
[Source "ChessBase"]
[SourceQuality "1"]
[TimeControl "5400+30"]

1. Nf3 g6 2. d4 Nf6 3. Bf4 Bg7 4. Nc3 d5 5. Qd2 O-O 6. O-O-O c6 7. Ne5 Nbd7 8. f3 Nxe5 9. Bxe5 Nd7 10. Bxg7 Kxg7 11. h4 h5 12. g4 Nf6 13. e4 dxe4 14. g5 Nd5 15. fxe4 Nxc3 16. Qxc3 Qc7 17. Bc4 Qf4+ 18. Kb1 Qxe4 19. Rde1 Qg2 20. Rhf1 b5 21. d5+ Kg8 22. d6 e5 23. Bb3 Be6 24. Qxe5 Bxb3 25. axb3 Rad8 26. Qe7 Qd5 27. Rf6 Ra8 28. d7 b4 29. Ref1 a5 30. Rd6 Qg2 31. Rxf7 Qg1+ 32. Ka2 Rxf7 33. Rxg6+ Kh8 34. Qe5+ Kh7 35. Rh6+ 1-0

[Event "Galicia-ch 2021"]
[Site "Padron"]
[Date "2021.04.02"]
[Round "4.3"]
[White "Gomez Dieguez, David"]
[Black "Espineira Gonzalez, Diego"]
[Result "1/2-1/2"]
[ECO "C16"]
[WhiteElo "2298"]
[BlackElo "2338"]
[Annotator "ChessBase"]
[PlyCount "68"]
[EventDate "2021.04.02"]
[EventType "swiss"]
[EventCountry "ESP"]
[SourceTitle "playchess.com"]
[Source "ChessBase"]
[SourceQuality "1"]
[TimeControl "5400+30"]

1. e4 e6 2. d4 d5 3. Nc3 Bb4 4. e5 Ne7 5. a3 Bxc3+ 6. bxc3 c5 7. h4 Qc7 8. h5 h6 9. Bd2 Nbc6 10. Qg4 Nf5 11. Nf3 O-O 12. Bd3 cxd4 13. cxd4 Nfxd4 14. Bxh6 Nxf3+ 15. gxf3 Qxe5+ 16. Kd2 f5 17. Qg2 Qf6 18. Bg5 Qf7 19. h6 g6 20. h7+ Kh8 21. Rag1 Bd7 22. Bh6 Be8 23. Qg3 Qf6 24. Bxf8 Qxf8 25. Bb5 Qc5 26. Bxc6 Qd4+ 27. Ke1 Bxc6 28. Qxg6 Qa1+ 29. Kd2 Qd4+ 30. Ke1 Qa1+ 31. Ke2 Bb5+ 32. Kd2 Qd4+ 33. Kc1 Qa1+ 34. Kd2 Qd4+ 1/2-1/2

[Event "Galicia-ch 2021"]
[Site "Padron"]
[Date "2021.04.02"]
[Round "4.4"]
[White "Villar Perez, Samuel"]
[Black "Lopez Gonzalez, Alfonso"]
[Result "1/2-1/2"]
[ECO "D02"]
[WhiteElo "2183"]
[BlackElo "2254"]
[Annotator "ChessBase"]
[PlyCount "89"]
[EventDate "2021.04.02"]
[EventType "swiss"]
[EventCountry "ESP"]
[SourceTitle "playchess.com"]
[Source "ChessBase"]
[SourceQuality "1"]
[TimeControl "5400+30"]

1. d4 d5 2. Nf3 Nf6 3. Bf4 c5 4. e3 Nc6 5. Nbd2 cxd4 6. exd4 Bg4 7. c3 a6 8. Bd3 e6 9. Qb3 Na5 10. Qc2 Bd6 11. Ne5 Bh5 12. O-O O-O 13. Bg5 Bg6 14. b4 Nc6 15. Bxf6 gxf6 16. Nxc6 bxc6 17. f4 Bxd3 18. Qxd3 f5 19. Qg3+ Kh8 20. Nf3 Rg8 21. Ng5 Qf6 22. Qh4 Qg6 23. Qh3 a5 24. a3 Rg7 25. g3 Rgg8 26. Kh1 Ra7 27. Rfb1 axb4 28. axb4 Rga8 29. Qf1 h6 30. Nf3 Qg4 31. Ng1 Ra2 32. Rxa2 Rxa2 33. Qd1 Qg8 34. Ra1 Qa8 35. Rxa2 Qxa2 36. Nf3 Qf2 37. Qd3 Kg7 38. Ng1 Qe1 39. Kg2 Qe4+ 40. Qf3 f6 41. Ne2 Kf7 42. Kf2 Kg6 43. h3 Bc7 44. Qxe4 fxe4 45. Ke3 1/2-1/2

[Event "Galicia-ch 2021"]
[Site "Padron"]
[Date "2021.04.02"]
[Round "4.5"]
[White "Suarez Gomez, Paula"]
[Black "Abelleira Gonzalez, Daniel"]
[Result "0-1"]
[ECO "B16"]
[WhiteElo "1715"]
[BlackElo "1838"]
[Annotator "NA RC"]
[PlyCount "174"]
[EventDate "2021.04.02"]
[EventType "swiss"]
[EventCountry "ESP"]
[SourceTitle "playchess.com"]
[Source "ChessBase"]
[SourceQuality "1"]
[TimeControl "5400+30"]

1. e4 c6 2. d4 d5 3. Nc3 dxe4 4. Nxe4 Nf6 5. Nxf6+ gxf6 6. Nf3 Rg8 7. Qd3 Qa5+ 8. Bd2 Qh5 9. Qb3 a5 10. a4 Bh6 11. O-O-O Na6 12. Be2 Rg7 13. Rhe1 Nb4 14. h3 Be6 15. Bc4 Bxc4 16. Qxc4 Rxg2 17. Qe2 e6 18. h4 O-O-O 19. Kb1 Bxd2 20. Rxd2 Qd5 21. b3 Rdg8 22. Qe3 Qh5 23. Kb2 Nd5 24. Qd3 Qh6 25. c4 Nb4 26. Qc3 Qf4 27. Qe3 Qf5 28. Qe4 Qh3 29. Re3 R2g7 30. Ng5 Qh2 31. Nf3 Qd6 32. Ree2 h5 33. Qe3 Rg4 34. Qh6 Qf4 35. Qxf4 Rxf4 36. Re3 Rgg4 37. Kc1 Kd7 38. Kd1 Re4 39. Ke2 Ke7 40. Rb2 e5 41. dxe5 fxe5 42. Rb1 f6 43. Rb2 c5 44. Rd2 Nc6 45. Rdd3 Nd4+ 46. Kd2 Rxe3 47. Rxe3 Nxf3+ 48. Rxf3 Rxh4 49. Ke3 Ke6 50. Rg3 Rg4 51. Rh3 h4 52. Kf3 f5 53. Ke3 Kf6 54. f3 Rd4 55. Rh2 Rf4 56. Rh1 b6 57. Rh2 Rd4 58. Rh1 e4 59. f4 Rd3+ 60. Ke2 h3 61. Rb1 h2 62. Rh1 Rxb3 (62... Rh3 $142 63. Kf2 Kg6) 63. Kf2 Rf3+ 64. Kg2 Rxf4 65. Rxh2 Rg4+ 66. Kf2 f4 67. Rh6+ Rg6 68. Rh4 Kg5 (68... Kf5 $142 69. Rh5+ Rg5 70. Rh7 e3+ 71. Kf1 f3 72. Re7 Kf4 73. Rf7+ Ke4 74. Re7+ Kd4 75. Rf7 e2+ 76. Kf2 Rg2+ 77. Kxf3 e1=N+ 78. Kf4 Rf2+ 79. Kg5 Rxf7 80. Kg6 Rf3 81. Kh5 Ke5 82. Kg6 Ke6 83. Kg5 Kf7 84. Kh4 Kf6 85. Kg4 Kg6 86. Kh4 Kf5 87. Kh5 Rh3#) 69. Rh2 Rh6 70. Rg2+ Kf5 71. Rg8 Rg6 72. Rf8+ Kg4 73. Rf7 e3+ 74. Ke2 Kg3 75. Rf8 Kg4 $2 (75... Rg4 $19 76. Rf5 Rg6) 76. Rf7 $1 Kg5 77. Rf8 Rf6 78. Rg8+ Kf5 79. Re8 Re6 80. Rf8+ Ke4 81. Rf7 Re5 82. Rf6 Rf5 83. Re6+ Kd4 84. Rd6+ Kxc4 85. Rxb6 f3+ 86. Kf1 Rd5 87. Ke1 Rd2 0-1

[Event "Galicia-ch 2021"]
[Site "Padron"]
[Date "2021.04.02"]
[Round "4.6"]
[White "Sixto Puente, Eloy"]
[Black "Prado Acebo, Ines"]
[Result "0-1"]
[ECO "B43"]
[WhiteElo "2039"]
[BlackElo "2166"]
[Annotator "ChessBase"]
[PlyCount "92"]
[EventDate "2021.04.02"]
[EventType "swiss"]
[EventCountry "ESP"]
[SourceTitle "playchess.com"]
[Source "ChessBase"]
[SourceQuality "1"]
[TimeControl "5400+30"]

1. e4 c5 2. Nf3 e6 3. d4 cxd4 4. Nxd4 a6 5. Nc3 Qc7 6. g3 Bb4 7. Nb3 Nf6 8. Bg2 Bxc3+ 9. bxc3 Qxc3+ 10. Bd2 Qc4 11. Na5 Qa4 12. Qe2 Nc6 13. Nxc6 Qxc6 14. O-O e5 15. Bb4 a5 16. Ba3 b5 17. Rfd1 b4 18. Bb2 d6 19. Qd2 Ke7 20. a3 Rb8 21. axb4 axb4 22. Ra7+ Bd7 23. c3 Qb6 24. Raa1 Bg4 25. Rdc1 b3 26. Kh1 Rhc8 27. f4 Be6 28. fxe5 dxe5 29. Ba3+ Ke8 30. Rab1 h6 31. Rf1 Ra8 32. Bb2 Ra4 33. c4 Raxc4 34. Rxf6 gxf6 35. Qxh6 Qf2 36. Ba3 Kd7 37. Rd1+ Rd4 38. Rf1 Qa2 39. Bh3 Qxa3 40. Bxe6+ fxe6 41. Qxf6 Kd6 42. Rf5 Rxe4 43. Kg2 b2 44. Rf1 Qd3 45. Rf3 Qxf3+ 46. Kh3 Qxf6 0-1

[Event "Galicia-ch 2021"]
[Site "Padron"]
[Date "2021.04.03"]
[Round "5.3"]
[White "Medarde Santiago, Luis Marcos"]
[Black "Gonzalez Perez, Arian"]
[Result "1-0"]
[ECO "B66"]
[WhiteElo "2325"]
[BlackElo "2481"]
[Annotator "ChessBase"]
[PlyCount "81"]
[EventDate "2021.04.02"]
[EventType "swiss"]
[EventCountry "ESP"]
[SourceTitle "playchess.com"]
[Source "ChessBase"]
[SourceQuality "1"]
[TimeControl "5400+30"]

1. e4 c5 2. Nf3 Nc6 3. Nc3 d6 4. d4 cxd4 5. Nxd4 Nf6 6. Bg5 e6 7. Qd2 a6 8. O-O-O h6 9. Nxc6 bxc6 10. Bf4 d5 11. Qe3 Qa5 12. Be2 Be7 13. Qg3 dxe4 14. Qxg7 Rg8 15. Qxh6 e5 16. Bg5 Rxg5 17. Qxg5 Rb8 18. Qg7 Rxb2 19. Qh8+ Bf8 20. Kxb2 Qa3+ 21. Kb1 Qb4+ 22. Kc1 Qxc3 23. Rd8+ Kxd8 24. Qxf8+ Kc7 25. Qxf7+ Bd7 26. Qb3 Qa1+ 27. Qb1 Qc3 28. Qb2 Qa5 29. a3 Nd5 30. Qxe5+ Kc8 31. Bc4 e3 32. Bxd5 exf2 33. Rf1 Qxa3+ 34. Kb1 cxd5 35. Rxf2 Qb4+ 36. Kc1 d4 37. Rf3 Bb5 38. Qe6+ Kb8 39. Rb3 Qc5 40. Qxa6 Qg5+ 41. Kb1 1-0

[Event "Galicia-ch 2021"]
[Site "Padron"]
[Date "2021.04.03"]
[Round "5.5"]
[White "Espineira Gonzalez, Diego"]
[Black "Casares Ripoll, Fernando"]
[Result "1-0"]
[ECO "C60"]
[WhiteElo "2338"]
[BlackElo "2098"]
[Annotator "NA"]
[PlyCount "93"]
[EventDate "2021.04.02"]
[EventType "swiss"]
[EventCountry "ESP"]
[SourceTitle "playchess.com"]
[Source "ChessBase"]
[SourceQuality "1"]
[TimeControl "5400+30"]

1. e4 e5 2. Nf3 Nc6 3. Bb5 g6 4. O-O Bg7 5. Re1 Nge7 6. c3 O-O 7. d4 exd4 8. cxd4 d5 9. exd5 Nxd5 10. h3 h6 11. Nc3 Nce7 12. Be3 Nf5 13. Rc1 $11 c6 14. Nxd5 Qxd5 15. Bc4 Qd6 16. Qd2 Nxe3 17. Qxe3 Bf5 18. Qe7 Rad8 19. Qxb7 Rd7 20. Qa6 Bxd4 21. Nxd4 Qxd4 22. Qxc6 Rd6 23. Qc7 Be6 24. Bxe6 fxe6 25. Re2 Qf4 26. Rce1 Rf7 27. Qc5 Rb6 28. b3 Rc7 29. Qa5 Qf5 30. Qd2 Kg7 31. Qd8 Rf7 32. Qd4+ Qf6 33. Qc5 Qe7 34. Qc4 Qf6 35. Rd1 e5 36. Qd5 Re6 37. Rde1 Rfe7 38. Re4 Rd6 39. Qa5 Ra6 40. Qd2 Rd6 41. Qe2 Rde6 42. f4 Ra6 43. fxe5 Qb6+ 44. Kh1 Rf7 45. e6 Rf2 46. e7 Rxe2 47. R4xe2 1-0

[Event "Galicia-ch 2021"]
[Site "Padron"]
[Date "2021.04.03"]
[Round "6.1"]
[White "Larino Nieto, David"]
[Black "Gomez Dieguez, David"]
[Result "1-0"]
[ECO "A05"]
[WhiteElo "2461"]
[BlackElo "2298"]
[Annotator "ChessBase"]
[PlyCount "87"]
[EventDate "2021.04.02"]
[EventType "swiss"]
[EventCountry "ESP"]
[SourceTitle "playchess.com"]
[Source "ChessBase"]
[SourceQuality "1"]
[TimeControl "5400+30"]

1. Nf3 Nf6 2. Nc3 d5 3. d4 Bf5 4. Bf4 Nh5 5. Be5 f6 6. e4 Bg6 7. exd5 fxe5 8. dxe5 e6 9. Nd4 exd5 10. Ne6 Qd7 11. Nxd5 Bb4+ 12. c3 Ba5 13. Nc5 Qf5 14. Bb5+ c6 15. O-O Qc8 16. Qa4 Bd8 17. Be2 O-O 18. Ne3 Nf4 19. Bg4 Qc7 20. Qc4+ Kh8 21. g3 Qxe5 22. gxf4 Rxf4 23. Rad1 Na6 24. Nd7 Qg5 25. Rd4 Bc7 26. Rxf4 Qxf4 27. Qxf4 Bxf4 28. Ng2 Bc7 29. f4 Rd8 30. Re1 Be8 31. Ne5 Kg8 32. Kf2 Rd2+ 33. Kg3 Kf8 34. Nf3 Rxb2 35. Ng5 Bg6 36. Ne6+ Kg8 37. Nh4 Bb6 38. Kh3 Nc5 39. Ng5 Nd3 40. Nxg6 Nxf4+ 41. Nxf4 g6 42. Re7 Rf2 43. Nfe6 h5 44. Re8+ 1-0

[Event "Galicia-ch 2021"]
[Site "Padron"]
[Date "2021.04.03"]
[Round "6.2"]
[White "Villar Perez, Samuel"]
[Black "Espineira Gonzalez, Diego"]
[Result "1/2-1/2"]
[ECO "D02"]
[WhiteElo "2183"]
[BlackElo "2338"]
[Annotator "NA"]
[PlyCount "56"]
[EventDate "2021.04.02"]
[EventType "swiss"]
[EventCountry "ESP"]
[SourceTitle "playchess.com"]
[Source "ChessBase"]
[SourceQuality "1"]
[TimeControl "5400+30"]

1. d4 d5 2. Nf3 Nf6 3. Bf4 c5 4. e3 Qb6 5. Qc1 Nc6 6. c3 Bf5 7. Nbd2 $11 h6 8. dxc5 Qxc5 9. Nb3 Qb6 10. Nbd4 Nxd4 11. exd4 e6 12. a4 a6 13. a5 Qd8 14. Qd1 Bd6 15. Qa4+ Ke7 16. Bxd6+ Qxd6 17. Ne5 Nd7 18. Nxd7 Qxd7 19. Be2 Rac8 20. Qb4+ Kf6 21. O-O g5 22. Ra3 Rc7 23. Rb3 Bc2 24. Ra3 Bf5 25. Qb6 Kg7 26. Qb3 Re8 27. Qb4 Kf6 28. Qb3 Rh8 1/2-1/2

[Event "Galicia-ch 2021"]
[Site "Padron"]
[Date "2021.04.03"]
[Round "6.3"]
[White "Medarde Santiago, Luis Marcos"]
[Black "Del Prado Rodriguez, Xulio"]
[Result "1/2-1/2"]
[ECO "B57"]
[WhiteElo "2325"]
[BlackElo "2132"]
[Annotator "ChessBase"]
[PlyCount "165"]
[EventDate "2021.04.02"]
[EventType "swiss"]
[EventCountry "ESP"]
[SourceTitle "playchess.com"]
[Source "ChessBase"]
[SourceQuality "1"]
[TimeControl "5400+30"]

1. e4 c5 2. Nf3 d6 3. d4 cxd4 4. Nxd4 Nf6 5. Nc3 Nc6 6. Bc4 Qb6 7. Nxc6 bxc6 8. O-O g6 9. Qe1 Qc5 10. Bb3 Bg7 11. Be3 Qh5 12. f3 O-O 13. Qf2 Qa5 14. Rfe1 Rd8 15. Rad1 d5 16. exd5 cxd5 17. Bd4 e6 18. Qh4 Nh5 19. Bxg7 Nxg7 20. Ne4 Nf5 21. Qf6 Bb7 22. Ng5 Qc5+ 23. Kh1 Qe7 24. Qxe7 Nxe7 25. f4 a5 26. a4 Ba6 27. Nf3 Rdc8 28. Nd4 Nc6 29. Kg1 Nxd4 30. Rxd4 Rab8 31. Re3 Kg7 32. Kf2 Kf6 33. g4 Rc5 34. g5+ Kg7 35. Ke1 Rc7 36. Kd2 Rbc8 37. Rh3 Bf1 38. Rg3 Ba6 39. h4 h5 40. gxh6+ Kxh6 41. Re3 Kh5 42. Re5+ Kh6 43. h5 Bc4 44. hxg6 Kxg6 45. Bxc4 Rxc4 46. c3 Rxd4+ 47. cxd4 Rc4 48. f5+ Kf6 49. Kd3 Rxa4 50. fxe6 fxe6 51. Rh5 Rb4 52. Rh6+ Ke7 53. Rh7+ Kd6 54. Ra7 Rxb2 55. Rxa5 Rb3+ 56. Ke2 Ke7 57. Ra8 Kf6 58. Rf8+ Kg5 59. Kd2 Rg3 60. Ke2 Rg4 61. Ke3 Re4+ 62. Kd3 Rf4 63. Rg8+ Kf5 64. Rf8+ Kg4 65. Rg8+ Kf3 66. Rg6 Re4 67. Rf6+ Kg4 68. Rf8 Kg5 69. Rg8+ Kf6 70. Rf8+ Ke7 71. Ra8 e5 72. dxe5 Rxe5 73. Kd4 Re1 74. Ra7+ Kd8 75. Kc5 Re6 76. Kxd5 Re1 77. Kd6 Rd1+ 78. Kc6 Rc1+ 79. Kd6 Rd1+ 80. Kc6 Rc1+ 81. Kd6 Rd1+ 82. Kc6 Rc1+ 83. Kd6 1/2-1/2

[Event "Galicia-ch 2021"]
[Site "Padron"]
[Date "2021.04.03"]
[Round "6.4"]
[White "Pena Varela, Martin"]
[Black "Lopez Gonzalez, Alfonso"]
[Result "1/2-1/2"]
[ECO "C00"]
[WhiteElo "1970"]
[BlackElo "2254"]
[Annotator "NA"]
[PlyCount "60"]
[EventDate "2021.04.02"]
[EventType "swiss"]
[EventCountry "ESP"]
[SourceTitle "playchess.com"]
[Source "ChessBase"]
[SourceQuality "1"]
[TimeControl "5400+30"]

1. e4 e6 2. c4 d5 3. cxd5 exd5 4. exd5 Qxd5 5. Nc3 Qd8 6. d4 Nf6 7. Bc4 Be7 8. Nge2 O-O 9. O-O c6 10. a3 Nbd7 $11 11. Ng3 Nb6 12. Ba2 Nbd5 13. Nxd5 Nxd5 14. Ne4 Bf5 15. Qf3 Bg6 16. Nc3 Nxc3 17. bxc3 Qa5 18. Bb1 Bf6 19. Bxg6 hxg6 20. Rb1 Qa6 21. Bf4 Rfe8 22. h4 Re7 23. Bd6 Re6 24. Bb4 Bxh4 25. Qf4 Bf6 26. Rfe1 g5 27. Qc7 Rae8 28. Rxe6 Rxe6 29. Qb8+ Kh7 30. Qh2+ Kg8 1/2-1/2

[Event "Galicia-ch 2021"]
[Site "Padron"]
[Date "2021.04.03"]
[Round "6.5"]
[White "Gonzalez Perez, Arian"]
[Black "Gonzalez Perez, Jose Ramon"]
[Result "1/2-1/2"]
[ECO "C44"]
[WhiteElo "2481"]
[BlackElo "2099"]
[Annotator "ChessBase"]
[PlyCount "112"]
[EventDate "2021.04.02"]
[EventType "swiss"]
[EventCountry "ESP"]
[SourceTitle "playchess.com"]
[Source "ChessBase"]
[SourceQuality "1"]
[TimeControl "5400+30"]

1. e4 e5 2. Nf3 Nc6 3. d4 exd4 4. Nxd4 Bb4+ 5. c3 Bc5 6. Be3 Bb6 7. Nf5 Bxe3 8. Nxe3 Nf6 9. f3 O-O 10. c4 d6 11. Nc3 Nd7 12. Be2 Nc5 13. O-O a5 14. Ned5 Be6 15. f4 f5 16. exf5 Bxf5 17. Nb5 Rc8 18. Bg4 Bxg4 19. Qxg4 Ne7 20. Nd4 Nxd5 21. cxd5 Qf6 22. f5 c6 23. Ne6 Rfe8 24. h3 cxd5 25. Nxg7 Qxg7 26. f6 Qxg4 27. f7+ Kg7 28. fxe8=N+ Rxe8 29. hxg4 Re4 30. Rf5 d4 31. Rd5 Kf6 32. Rxd6+ Ke5 33. Rh6 d3 34. Rxh7 Kd4 35. Rh8 d2 36. Rd8+ Ke3 37. Rf1 Rd4 38. Rxd4 Kxd4 39. Kf2 Ne4+ 40. Kf3 Kd3 41. a4 Ng5+ 42. Kf4 Ke2 43. Rh1 Ne6+ 44. Kf5 Nd4+ 45. Ke4 Ne6 46. g3 d1=Q 47. Rxd1 Kxd1 48. Ke5 Nf8 49. g5 Ke2 50. Kf5 Kf3 51. g4 Kg3 52. b3 Kf3 53. Ke5 Kxg4 54. Kd6 Kxg5 55. Kc7 Ne6+ 56. Kb6 Nd4 1/2-1/2

[Event "Galicia-ch 2021"]
[Site "Padron"]
[Date "2021.04.03"]
[Round "6.6"]
[White "Suarez Gomez, Julio"]
[Black "Sixto Puente, Eloy"]
[Result "1-0"]
[ECO "D10"]
[WhiteElo "2461"]
[BlackElo "2039"]
[Annotator "ChessBase"]
[PlyCount "107"]
[EventDate "2021.04.02"]
[EventType "swiss"]
[EventCountry "ESP"]
[SourceTitle "playchess.com"]
[Source "ChessBase"]
[SourceQuality "1"]
[TimeControl "5400+30"]

1. d4 d5 2. c4 c6 3. cxd5 cxd5 4. Nc3 Nf6 5. Bf4 Nc6 6. e3 a6 7. Bd3 Bg4 8. f3 Bh5 9. Qb3 Na5 10. Qa4+ Nc6 11. Rc1 e6 12. Nge2 Bd6 13. Bxd6 Qxd6 14. Bb5 O-O 15. Bxc6 bxc6 16. Kf2 Rfb8 17. Qc2 c5 18. b3 cxd4 19. exd4 Bg6 20. Qd2 h6 21. Qf4 Qa3 22. Qd2 Qd6 23. Na4 Rc8 24. h3 Nd7 25. Rhd1 Rab8 26. Kg1 Qa3 27. Kh1 Bf5 28. Kh2 Bg6 29. Kg1 Bf5 30. Kf2 Bg6 31. Rxc8+ Rxc8 32. Rc1 Rxc1 33. Nxc1 Qd6 34. Ne2 Bf5 35. Qc3 Nf6 36. Nc5 Qh2 37. Kf1 Nh5 38. Qe3 Bb1 39. a3 Qd6 40. Kf2 Nf6 41. b4 Ba2 42. Qe5 Qb6 43. Qe3 Bc4 44. Qd2 Qd6 45. Qe3 Qb6 46. Qc3 Qd6 47. Ng3 h5 48. Nf1 Bxf1 49. Kxf1 h4 50. Nd3 Qd7 51. Nc5 Qd6 52. Nd3 Qd7 53. Nc5 Qd6 54. Nd3 1-0